 Dungeon Sprint DCSS version 0.31.0-11-ge490571c62 (webtiles) character file.

Game seed: 12346236788148945963

1789 boopmooplesden the Carver (level 8, -15/117 HPs)
             Began as an Armataur Fighter on Feb 2, 2024.
             Was a High Priest of Trog.
             Killed from afar by a nagaraja (49 damage)
             ... with a poison arrow
             ... in the Dungeon (Sprint VII: "The Pits").
             The game lasted 00:02:03 (660 turns).

boopmooplesden the Carver (Armataur Fighter)         Turns: 660, Time: 00:02:05

Health: -15/117    AC: 14    Str: 22    XL:     8   Next: 82%
Magic:  8/8        EV:  5    Int:  9    God:    Trog [*****.]
Gold:   0          SH:  6    Dex: 11    Spells: 7/7 levels left

rFire   . . .        q - +4 scimitar (flame)
rCold   . . .        c - +0 buckler
rNeg    . . .        o - +2 plate armour
rPois   .            (no helmet)
rElec   .            (no cloak)
rCorr   .            (no gloves)
SInv    .            (no barding)
Will    .....        (no amulet) Stlth
                     (no ring)
HPRegen 1.69/turn    (no ring)
MPRegen 0.77/turn

%: no teleportation, roll
@: berserking, lethally poisoned (-15 -> -51), very quick
A: large, deformed body, tough skin 3, armoured tail, roll 2
a: Renounce Religion, Berserk, Trog's Hand, Brothers in Arms


You were in the Dungeon.
You worshipped Trog.
Trog was extremely pleased with you.
You visited 1 branch

Inventory:

Hand Weapons
 a - a +0 long sword
 k - a +2 falchion
 p - a +1 long sword of flaming
 q - a +4 scimitar of flaming (weapon)
 r - a +2 antimagic lajatang
 w - a +2 scimitar of holy wrath
Armour
 b - a +0 scale mail
 c - a +0 buckler (worn)
 o - a +2 plate armour (worn)
 x - a +0 pair of boots
Jewellery
 s - a +3 ring of protection
 t - a +3 ring of intelligence
Scrolls
 j - a scroll of blinking
 m - 2 scrolls of vulnerability
 n - a scroll of summoning
Potions
 d - 2 potions of might
 e - 10 potions of curing
 f - 8 potions of heal wounds
 g - a potion of haste
 h - 4 potions of magic
 i - 3 potions of berserk rage
 l - 2 potions of invisibility
 u - a potion of mutation
 v - a potion of resistance


   Skills:
 + Level 9.2 Fighting
 + Level 11.9 Long Blades
 + Level 10.7 Armour
 + Level 0.3 Dodging
 + Level 9.9 Shields


You had 7 spell levels left.
You didn't know any spells.
Your spell library was empty.

Dungeon Overview and Level Annotations

Branches:
Dungeon (1/1)

Altars:
Cheibriados
Dithmenos
Elyvilon
Fedhas
Gozag
Hepliaklqana
Makhleb
Nemelex Xobeh
Okawaru
Qazlal
Ru
Sif Muna
Trog
Vehumet
Wu Jian
Xom
Yredelemnul
Zin
The Shining One
Jiyva
Lugonu


Innate Abilities, Weirdness & Mutations

Armour fits poorly on your strangely shaped body.
You have extremely tough skin. (AC +3)
You have a long armoured tail.
You regenerate magic and health when rolling toward enemies. (Rampage Regen)


Message History

You see here a +2 scimitar of holy wrath.
w - a +2 scimitar of holy wrath You see here a +1 broad axe of freezing.
You see here a +2 heavy morningstar.
You see here a +4 chain mail.
You see here a +4 scale mail.
You see here a +5 ring mail.
You see here a +0 pair of boots.
x - a +0 pair of boots
Okay, then.
There is an open door here.
There is an open door, spattered with blood here.
You see here a wolf corpse.
There is an open door, spattered with blood here.
There is an open door here.
There is an open door here.
Items here: ( )) ÷÷.
There is an open door here.
There is an open door to the Storerooms (Easy) here.
As you open the huge gate, it creaks loudly!
A nagaraja and a deep elf zephyrmancer come into view.
The nagaraja shouts!
The deep elf zephyrmancer shouts!
You roll towards the nagaraja!
The deep elf zephyrmancer gestures at you while chanting.
The bolt of lightning hits you!!
There is a huge open gate to the Metal Vault (Medium) here.
You slash the nagaraja! You burn the nagaraja.
The nagaraja is lightly wounded.
A red film seems to cover your vision as you go berserk!
You feel yourself moving faster!
You feel mighty!
The nagaraja points at you and mumbles some strange words.
The bolt of poison hits you!!!
You are poisoned.
You slash the nagaraja! You burn the nagaraja.
The nagaraja is moderately wounded.
You feel very sick.
The nagaraja gestures at you while chanting.
The poison arrow hits you!!!
You are lethally poisoned!
You die...

_...###########++######
###'##................#
))'.##......#..#......#
###.##................+
.....'................+
'#####......#..#......#
.)..##................#
###'#####'#####''#####
....##.......##'@#
...†##.......##.eN...+
#)####.......##......+
....##...<...##.....##
....##.......##...###
....##.......##..##
######.......##++#
.#..##########
.#.###########


You could see a nagaraja and a deep elf zephyrmancer.

Vanquished Creatures
  A flayed ghost (D)
  An efreet (D)
  3 fire bats (D)
  4 wolves (D)
  A phantom (D)
  A necrophage (D)
  A jelly (D)
  2 orc priests (D)
  An iron imp (D)
  2 adders (D)
  3 gnolls (D)
  2 giant cockroaches (D)
  A jackal (D)
  A kobold (D)
  A bat (D)
  A quokka skeleton (D)
  A rat (D)
27 creatures vanquished.

Notes
Turn   | Place    | Note
-------+----------+-------------------------------------------
     0 | D        | boopmooplesden the Armataur Fighter began the quest for the
                  | Orb.
     0 | D        | Reached XP level 1. HP: 18/18 MP: 1/1
    16 | D        | Found a bloodstained altar of Trog.
    16 | D        | Found a shimmering blue altar of Sif Muna.
    16 | D        | Found a viscous altar of Jiyva.
    16 | D        | Found a hazy altar of Hepliaklqana.
    16 | D        | Found an opulent altar of Gozag.
    17 | D        | Found a glowing golden altar of the Shining One.
    17 | D        | Found a glowing silver altar of Zin.
    17 | D        | Found a basalt altar of Yredelemnul.
    17 | D        | Found a shimmering altar of Xom.
    17 | D        | Found an ornate altar of the Wu Jian Council.
    17 | D        | Found a sacrificial altar of Ru.
    17 | D        | Found a stormy altar of Qazlal.
    17 | D        | Found an iron altar of Okawaru.
    17 | D        | Found a sparkling altar of Nemelex Xobeh.
    17 | D        | Found a burning altar of Makhleb.
    17 | D        | Found a blossoming altar of Fedhas.
    17 | D        | Found a white marble altar of Elyvilon.
    17 | D        | Found a shadowy altar of Dithmenos.
    17 | D        | Found a snail-covered altar of Cheibriados.
    18 | D        | Found a radiant altar of Vehumet.
    18 | D        | Found a corrupted altar of Lugonu.
    20 | D        | Became a worshipper of Trog the Wrathful
    75 | D        | Reached skill level 2 in Long Blades
    75 | D        | Reached XP level 2. HP: 12/26 MP: 2/2
   136 | D        | Reached * piety under Trog
   143 | D        | Noticed a fire bat
   149 | D        | Killed a fire bat
   150 | D        | Reached skill level 5 in Fighting
   150 | D        | Reached skill level 4 in Long Blades
   150 | D        | Reached XP level 3. HP: 37/37 MP: 3/3
   150 | D        | Reached XP level 4. HP: 44/44 MP: 4/4
   150 | D        | Reached XP level 5. HP: 50/50 MP: 5/5
   150 | D        | Reached ** piety under Trog
   229 | D        | Reached skill level 5 in Long Blades
   235 | D        | Reached *** piety under Trog
   255 | D        | Reached XP level 6. HP: 49/58 MP: 6/6
   259 | D        | Reached skill level 6 in Long Blades
   259 | D        | Reached **** piety under Trog
   318 | D        | Noticed an efreet
   325 | D        | Killed an efreet
   326 | D        | Reached skill level 8 in Long Blades
   326 | D        | Gained mutation: You regenerate magic and health when
                  | rolling toward enemies. (Rampage Regen) [Armataur growth]
   326 | D        | Reached XP level 7. HP: 30/66 MP: 7/7
   460 | D        | Noticed a fire bat
   466 | D        | Reached skill level 9 in Long Blades
   472 | D        | Killed a fire bat
   472 | D        | Reached ***** piety under Trog
   477 | D        | Noticed a flayed ghost
   481 | D        | Noticed a fire bat
   491 | D        | Killed a flayed ghost
   492 | D        | Reached skill level 11 in Long Blades
   492 | D        | Reached skill level 10 in Armour
   492 | D        | Reached XP level 8. HP: 75/75 MP: 8/8
   503 | D        | Received a gift from Trog
   656 | D        | Noticed a nagaraja
   656 | D        | Noticed a deep elf zephyrmancer
   660 | D        | Killed from afar by a nagaraja

Illustrated notes

Levels and vault maps discovered:
D:        pitsprint [storerooms_1, entrance_room_1, metal_vault_4, armoury_2,
          mini_pit_1, grid_room_1, main_hall_1, silver_pit, the_coven_1,
          the_vestibule_1, steel_vault_2, golden_pit, hallway_of_sentries,
          crystal_vault_4, iron_vault_5, final_vault]

Skill      XL: |  1  2  3  4  5  6  7  8 |
---------------+-------------------------+-----
Fighting       | 3 5 6 7 8 9 |  9.2
Armour         | 4 7 8 9 10 | 10.7
Long Blades    | 2 4 5 8 11 | 11.9
Shields        | 4 6 7 8 9 |  9.9
Dodging        | |  0.3

Action                     |  1- 3 |  4- 6 |  7- 9 || total
---------------------------+-------+-------+-------++-------
  Melee: Falchion          |    35 |     9 |       ||    44
         Long sword        |     2 |    42 |       ||    44
         Tailslap          |     1 |     4 |     3 ||     8
         Scimitar          |       |       |    41 ||    41
 Invoke: Berserk           |     1 |     1 |     2 ||     4
 Armour: Scale mail        |    25 |     3 |       ||    28
         Plate armour      |       |    33 |    43 ||    76
  Dodge: Dodged            |    16 |     7 |     7 ||    30
  Block: Buckler           |    11 |    14 |    14 ||    39
